 Dungeon Crawl Stone Soup version 0.21.1-1-g345015fe64 (webtiles) character file.

4050 Naru the Chopper (level 10, -3/96 HPs)
             Began as a Troll Fighter on June 15, 2018.
             Was a High Priest of Elyvilon.
             Slain by an orc warrior
             ... wielding a +0 glaive
              (17 damage)
             ... on level 8 of the Dungeon.
             The game lasted 00:21:12 (7492 turns).

Naru the Chopper (Troll Fighter)                    Turns: 7492, Time: 00:21:13

Health: -3/96      AC:  5    Str: 26    XL:     10   Next: 4%
Magic:  10/10      EV: 11    Int:  4    God:    Elyvilon [*****.]
Gold:   408        SH: 12    Dex: 14    Spells: 8/9 levels left

rFire    . . .     SeeInvis +   s - +5 war axe of Noamoo {freeze, *Contam rN+ Dex+4 SInv}
rCold    . . .     Gourm    +   c - +2 shield
rNeg     + + .     Faith    +   b - +0 robe
rPois    .         Spirit   .   (helmet restricted)
rElec    .         Reflect  .   (no cloak)
rCorr    .         Harm     .   (gloves unavailable)
MR       .....                  (boots unavailable)
Stlth    +.........             o - amulet of faith
HPRegen  0.66/turn              D - ring of positive energy
MPRegen  0.12/turn              (no ring)

@: no status effects
A: large, unfitting armour, claws 3, clumsy 1, fast metabolism 3, gourmand,
regeneration 1, shaggy fur 1, tough skin 2, subdued magic 1
a: Lesser Healing, Heal Other, Purification, Greater Healing, Divine Vigour,
Divine Protection, Renounce Religion


You were on level 8 of the Dungeon.
You worshipped Elyvilon.
Elyvilon was extremely pleased with you.
You were not hungry.

You visited 1 branch of the dungeon, and saw 8 of its levels.
You also visited: Sewer.

You collected 408 gold pieces.

Inventory:

Hand Weapons
 p - a +0 mace of venom
 s - the +5 war axe of Noamoo (weapon) {freeze, *Contam rN+ Dex+4 SInv}
   (You found it on level 4 of the Dungeon)

   It has been specially enchanted to freeze those struck by it, causing extra
   injury to most foes and up to half again as much damage against particularly
   susceptible opponents.
   It can also slow down cold-blooded creatures.
   It affects your dexterity (+4).
   It protects you from negative energy.
   It lets you see invisible.
   It causes magical contamination when unequipped.
 x - a +2 whip of electrocution
 z - a +0 giant spiked club
Armour
 b - a +0 robe (worn)
 c - a +2 shield (worn)
Jewellery
 d - an uncursed ring of protection from cold {unknown}
 o - an amulet of faith (around neck)
 D - a ring of positive energy (left claw)
Wands
 j - a wand of acid (18)
 n - a wand of polymorph (16)
 q - a wand of disintegration (17)
 E - a wand of flame (22)
 G - a wand of paralysis (8)
Scrolls
 i - 5 scrolls of teleportation
 k - 6 scrolls of remove curse
 B - a scroll of fog
 C - 3 scrolls of identify
 F - a scroll of acquirement {unknown}
 I - a scroll of amnesia
Potions
 a - a potion of cancellation {unknown}
 e - 3 potions of curing
 g - 3 potions of berserk rage
 h - 4 potions of agility
 l - 6 potions of flight
 m - 2 potions of lignification {unknown}
 t - a potion of invisibility {unknown}
 u - a potion of degeneration {unknown}
 v - 4 potions of brilliance
 w - 2 potions of might
 H - a potion of magic {unknown}
 J - 2 potions of mutation {unknown}
Books
 y - the Tome of the Icy Arsonist
   (You found it on level 7 of the Dungeon)

   Spells                             Type                      Level
   a - Flame Tongue                   Conjuration/Fire             1
   b - Ensorcelled Hibernation        Hexes/Ice                    2
   c - Ignite Poison                  Fire/Transmutation/Poison    3
   d - Sticky Flame                   Conjuration/Fire             4
   e - Throw Icicle                   Conjuration/Ice              4
   f - Ozocubu's Refrigeration        Ice                          6
 A - a book of Changes

   Spells                             Type                      Level
   a - Beastly Appendage              Transmutation                1
   b - Sticks to Snakes               Transmutation                2
   c - Spider Form                    Transmutation/Poison         3
   d - Ice Form                       Ice/Transmutation            4
   e - Blade Hands                    Transmutation                5
Comestibles
 f - 13 rations


   Skills:
 * Level 5.4 Fighting
 * Level 6.7(7.4) Axes
 - Level 5.2(7.1) Maces & Flails
 + Level 4.3 Dodging
 * Level 5.9 Shields
 * Level 1.7 Transmutations
 - Level 2.4 Evocations


You had 8 spell levels left.
You knew the following spells:

 Your Spells              Type           Power        Failure   Level  Hunger
a - Beastly Appendage     Tmut           #.....       45%         1    ##.....


Dungeon Overview and Level Annotations

Branches:
Dungeon (8/15)             Temple (0/1) D:5
   Lair: D:8-11

Altars:
Ashenzari
Elyvilon
Fedhas
Makhleb
Qazlal
Ru
Uskayaw
Vehumet
Xom
Yredelemnul
Zin
The Shining One


Innate Abilities, Weirdness & Mutations

You are too large for most types of armour.
You have claws for hands.
Your metabolism is lightning-fast.
You like to eat raw meat.
Your natural rate of healing is unusually fast.
You are covered in fur. (AC +1)
You have very tough skin. (AC +2)
You are clumsy. (Dex -2)
Your spells are a little easier to cast, but a little less powerful.


Message History

You hear a shout!
The orc wizard hits you but does no damage.
You block the orc wizard's attack. The orc warrior hits you with a glaive!
Your shield prevents you from hitting the orc warrior.
The orc warrior is moderately wounded.
You closely miss the orc wizard. You block the orc wizard's attack. x2
The orc warrior hits you with a glaive!
* * * LOW HITPOINT WARNING * * *
You hit the orc warrior. You freeze the orc warrior.
The orc warrior is heavily wounded.
You hit the orc wizard. You freeze the orc wizard.
You kill the orc wizard!
The orc wizard points at you and mumbles some strange words.
The magic dart hits you!
* * * LOW HITPOINT WARNING * * *
You hit the orc warrior. You freeze the orc warrior.
The orc warrior is severely wounded.
You hit the orc wizard. You freeze the orc wizard.
You block the orc wizard's attack. The orc warrior hits you with a glaive!
You die...

#####
................#
## ##.....###.###
#..######.# #.##
##.## #..###.##
#.#...## #.#####
#.#######o#
#....ooyo@#
#####oh####
#....l.o..
#.###..o.. #.
o... .o ... ...
.. ... . o...


You could see an orc warrior, a howler monkey, a killer bee, an orc priest, an
orc wizard and 2 orcs.

Vanquished Creatures
  A two-headed ogre (D:8)
  A hippogriff (D:7)
  The ghost of Kohma the Ruffian, an amateur TrMo of Kikubaaqudgha (D:4)
  A wyvern (D:8)
  The ghost of Gedi the Skirmisher, an amateur MiAK of Lugonu (D:3)
  A water moccasin (D:5)
  2 sky beasts
  A phantom (D:8)
  3 ogres
  2 centaurs (D:5)
  Blork the orc (D:5)
  4 bullfrogs
  7 scorpions
  A howler monkey (D:7)
  3 crimson imps
  A centaur zombie (D:5)
  A hound (D:3)
  4 jellies
  A centaur skeleton (D:8)
  4 orc priests
  10 orc wizards
  A bullfrog skeleton (D:5)
  Ijyb (D:5)
  An iguana (D:8)
  2 worker ants
  A hound skeleton (D:4)
  A worker ant zombie (D:6)
  A howler monkey skeleton (D:4)
  2 river rats (D:5)
  10 adders
  4 gnolls
  A shadow imp (D:5)
  15 oozes
  An adder skeleton (D:5)
  3 worms
  2 dart slugs
  15 leopard geckos
  27 orcs
  7 bats
  19 giant cockroaches
  7 hobgoblins
  16 jackals
  3 quokkas
  8 ball pythons
  17 frilled lizards
  2 gnoll zombies (D:8)
  11 kobolds
  29 rats
258 creatures vanquished.

Notes
Turn   | Place    | Note
-------+----------+-------------------------------------------
     0 | D:1      | Naru the Troll Fighter began the quest for the Orb.
     0 | D:1      | Reached XP level 1. HP: 22/22 MP: 0/0
    52 | D:1      | Found a shattered altar of Ashenzari.
   142 | D:1      | Reached XP level 2. HP: 29/29 MP: 1/1
   600 | D:1      | Reached XP level 3. HP: 31/36 MP: 2/2
  1138 | D:2      | Found a radiant altar of Vehumet.
  1166 | D:2      | Reached XP level 4. HP: 41/44 MP: 3/3
  1212 | D:2      | Found a sacrificial altar of Ru.
  1312 | D:2      | Found a stormy altar of Qazlal.
  1328 | D:2      | Noticed a cacodemon
  1329 | D:2      | Found a burning altar of Makhleb.
  1344 | D:2      | Found a glowing silver altar of Zin.
  1344 | D:2      | Noticed an angel
  1486 | D:3      | Noticed Gedi's ghost (amateur MiAK)
  1646 | D:3      | Reached XP level 5. HP: 39/53 MP: 4/4
  1822 | D:3      | Reached XP level 6. HP: 33/61 MP: 5/5
  2331 | D:3      | Found a white marble altar of Elyvilon.
  2361 | D:3      | Became a worshipper of Elyvilon the Healer
  2439 | D:3      | Killed Gedi's ghost
  2503 | D:3      | Reached XP level 7. HP: 65/68 MP: 6/6
  3156 | D:4      | Reached * piety under Elyvilon
  3202 | D:4      | Got a crude war axe
  3303 | D:4      | Noticed Kohma's ghost (amateur TrMo)
  3334 | D:4      | Killed Kohma's ghost
  3334 | D:4      | Reached skill level 5 in Maces & Flails
  3334 | D:4      | Reached skill level 1 in Evocations
  3505 | D:4      | Found a glowing golden altar of the Shining One.
  3647 | D:4      | Identified the +5 war axe of Noamoo {freeze, *Contam rN+ Dex+4 SInv} (You found it on level 4 of the Dungeon)
  3658 | D:4      | Gained mutation: Your spells are a little easier to cast, but a little less powerful. [mutagenic glow]
  3741 | D:5      | Entered Level 5 of the Dungeon
  3813 | D:5      | Found a staircase to the Ecumenical Temple.
  3828 | D:5      | Noticed Blork the orc
  3832 | D:5      | Reached XP level 8. HP: 56/78 MP: 8/8
  3839 | D:5      | Killed Blork the orc
  3839 | D:5      | Reached skill level 1 in Axes
  3955 | D:5      | Noticed Ijyb
  3960 | D:5      | Killed Ijyb
  3978 | D:5      | Reached skill level 2 in Axes
  4002 | D:5      | Found a blossoming altar of Fedhas.
  4002 | D:5      | Reached ** piety under Elyvilon
  4141 | D:5      | Found a glowing drain.
  4150 | Sewer    | Entered a sewer
  4333 | Sewer    | Reached skill level 3 in Axes
  4809 | D:5      | Reached skill level 4 in Axes
  5174 | D:6      | Reached skill level 5 in Shields
  5174 | D:6      | Reached XP level 9. HP: 80/87 MP: 9/9
  5211 | D:6      | Reached *** piety under Elyvilon
  5475 | D:6      | Learned a level 1 spell: Beastly Appendage
  5488 | D:6      | Gained mutation: You are clumsy. (Dex -2) [mutagenic glow]
  5494 | D:6      | Found a hide-covered altar of Uskayaw.
  5943 | D:7      | Reached **** piety under Elyvilon
  5980 | D:7      | Reached skill level 5 in Axes
  6125 | D:7      | Reached skill level 5 in Fighting
  6206 | D:7      | Identified the Tome of the Icy Arsonist
  6510 | D:7      | Reached skill level 1 in Transmutations
  6687 | D:7      | Found a shimmering altar of Xom.
  7006 | D:8      | Reached skill level 6 in Axes
  7007 | D:8      | Noticed a two-headed ogre
  7030 | D:8      | Killed a two-headed ogre
  7216 | D:8      | Found a basalt altar of Yredelemnul.
  7312 | D:8      | Reached XP level 10. HP: 96/96 MP: 10/10
  7327 | D:8      | Reached ***** piety under Elyvilon
  7492 | D:8      | Slain by an orc warrior

Skill      XL: |  1  2  3  4  5  6  7  8  9 |
---------------+----------------------------+-----
Maces & Flails | 2 3 4 5 |  5.2
Shields        | 3 4 5 |  5.9
Fighting       | 3 4 5 |  5.4
Dodging        | 3 4 |  4.3
Evocations     | 1 2 |  2.4
Axes           | 4 6 |  6.7
Transmutations | 1 |  1.7

Action                   |  1- 3 |  4- 6 |  7- 9 | 10-12 || total
-------------------------+-------+-------+-------+-------++-------
Melee: Flail             |   136 |   134 |       |       ||   270
       Whip              |       |    27 |   108 |       ||   135
       War axe           |       |       |   268 |    23 ||   291
Evoke: Wand              |       |       |     1 |       ||     1
  Use: Potion            |       |     2 |     3 |     1 ||     6
       Scroll            |       |     4 |    16 |       ||    20
 Stab: Distracted        |       |       |     1 |       ||     1
       Sleeping          |       |       |     2 |       ||     2
  Eat: Chunk             |     8 |    17 |    43 |     1 ||    69
       Ration            |       |       |       |     1 ||     1
Armor: Robe              |    50 |    41 |    77 |     2 ||   170
Dodge: Dodged            |    57 |    70 |   137 |     5 ||   269
Block: Shield            |    80 |    90 |   254 |    19 ||   443
